 Dungeon Crawl Stone Soup version 0.31-a0-977-gc230f8ef24 (webtiles) character file.

Game seed: 1621173622037774314

4813 Armakuni the Carver (level 10, 0/67 HPs)
             Began as a Human Wanderer on Oct 29, 2023.
             Was an Initiate of Gozag.
             Slain by Erolcha
             ... wielding a +0 giant club
              (37 damage)
             ... on level 9 of the Dungeon.
             The game lasted 00:21:02 (8595 turns).

Armakuni the Carver (Human Wanderer)                Turns: 8595, Time: 00:21:02

Health: 0/67       AC: 10    Str: 18    XL:     10   Next: 77%
Magic:  10/19      EV: 11    Int: 14    God:    Gozag
Gold:   980        SH:  0    Dex: 18    Spells: 5/9 levels left

rFire   . . .        a - +12 dagger of Fouf {heavy, Str+2 Stlth+}
rCold   . . .        (no shield)
rNeg    . . .        q - +3 leather armour of Omission {Str+3 SInv}
rPois   .            m - +0 helmet {Int+3}
rElec   .            t - +0 cloak
rCorr   .            n - +1 pair of gloves
SInv    +            (no boots)
Will    .....        (no amulet)
Stlth   +++          P - ring of magical power
HPRegen 0.31/turn    (no ring)
MPRegen 0.16/turn

%: no passive effects
@: gold aura
A: frail 1, MP-powered wands
a: Renounce Religion, Potion Petition, Call Merchant, Bribe Branch


You were on level 9 of the Dungeon.
You worshipped Gozag.
Gozag was pleased with you.
You visited 2 branches of the dungeon, and saw 10 of its levels.

You collected 2008 gold pieces.
You spent 348 gold pieces at shops.
You paid 680 gold pieces to Gozag.

Inventory:

Hand Weapons
 a - the +12 dagger of Fouf (weapon) {heavy, Str+2 Stlth+}
   (You found it on level 2 of the Dungeon)

   Str+2:     It affects your strength (+2).
   Stlth+:    It makes you more stealthy.
 b - a +0 orcbow
 e - the +1 spear of the Shrike {pain, rElec}
   (You found it on level 2 of the Dungeon)

   rElec:     It insulates you from electricity.
 f - a +0 long sword of electrocution
 l - the +9 hand axe "Por Kan" {freeze, rPois Will+ Dex-4 SInv}
   (You took it off a hobgoblin on level 3 of the Dungeon)

   Dex-4:     It affects your dexterity (-4).
   rPois:     It protects you from poison Will+: It increases your willpower.
   SInv:      It lets you see invisible.
 u - a +1 sling
Missiles
 d - a throwing net
Armour
 m - a +0 helmet of intelligence (worn)
 n - a +1 pair of gloves (worn)
 q - the +3 leather armour of Omission (worn) {Str+3 SInv}
   (You bought it in a shop on level 6 of the Dungeon)

   Str+3:     It affects your strength (+3).
   SInv:      It lets you see invisible.
 t - a +0 cloak (worn)
Jewellery
 I - a +6 ring of intelligence
 P - a ring of magical power (left hand)
Wands
 h - a wand of acid (9)
 p - a wand of paralysis (2)
Scrolls
 c - 3 scrolls of fog
 g - 5 scrolls of vulnerability
 v - a scroll of teleportation
 w - a scroll of blinking
 x - a scroll of amnesia
Potions
 i - a potion of enlightenment
 j - 2 potions of brilliance
 k - 2 potions of haste
 o - 3 potions of might
 r - a potion of ambrosia {unknown}
 s - a potion of mutation
 y - 2 potions of curing


   Skills:
 + Level 5.6 Fighting
 - Level 14.5 Long Blades
 - Level 4.0 Polearms
 - Level 9.5 Ranged Weapons
 - Level 1.0 Armour
 - Level 1.0 Stealth


You had 5 spell levels left.
You knew the following spells:

 Your Spells              Type           Power      Damage    Failure   Level
b - Blink                 Tloc           0%         N/A       45%         2
l - Lesser Beckoning      Tloc           0%         N/A       45%         2

Your spell library contained the following spells:

 Spells                   Type           Power      Damage    Failure   Level
 Sandblast                Erth           0%         2d4       34%         1
 Summon Small Mammal      Summ           0%         N/A       34%         1
 Momentum Strike          Conj/Tloc      0%         3d8       45%         2
 Passwall                 Tmut/Erth      0%         N/A       45%         2
 Call Canine Familiar     Summ           0%         N/A       71%         3
 Stone Arrow              Conj/Erth      0%         3d7       71%         3
 Summon Guardian Golem    Hex/Summ       0%         N/A       71%         3
 Brom's Barrelling Bould  Conj/Erth      0%         2d3       98%         4
 Ozocubu's Refrigeration  Ice            0%         4d7       100%        7
 Polar Vortex             Ice            0%         N/A       100%        9
 Simulacrum               Ice/Necr       Unusable   N/A       N/A         6

Dungeon Overview and Level Annotations

Branches:
Dungeon (9/15)             Temple (1/1) D:7
   Lair: D:8-11         Orc: D:9-12

Altars:
Ashenzari
Cheibriados
Dithmenos
Fedhas
Gozag
Hepliaklqana
Kikubaaqudgha
Makhleb
Nemelex Xobeh
Okawaru
Qazlal
Ru
Sif Muna
Trog
Uskayaw
Vehumet
Wu Jian
Xom
Yredelemnul
Zin
The Shining One
Lugonu

Shops:
D:4 (   D:6 [

Portals:
Abyss: D:7

Annotations:
D:7 exclusion: door
D:9 Erolcha


Innate Abilities, Weirdness & Mutations

You are frail. (-10% HP)
You expend magic power (3 MP) to strengthen your wands.


Message History

You barely miss the yak.
The yak is heavily wounded.
The yak gores you.
Aiming: Corrosive Bolt
Press: ? - help, Shift-Dir - straight line, f - yak
Aim: a yak (heavily wounded, 83% to hit)
You feel a surge of power!
The bolt of acid hits the yak!
The acid corrodes the yak!
The yak is almost dead.
The bolt of acid hits Erolcha!
The acid corrodes Erolcha!
Erolcha is lightly wounded.
The bolt of acid hits the howler monkey!
The howler monkey is severely wounded.
The yak gores you!
Aiming: Corrosive Bolt
Press: ? - help, Shift-Dir - straight line, f/p - yak
Aim: a yak (almost dead, covered in acid, 83% to hit)
You feel a surge of power!
The bolt of acid hits the yak!
The yak seems to be corroded for longer.
You kill the yak!
The bolt of acid hits Erolcha!!
Erolcha seems to be corroded for longer.
Erolcha is heavily wounded.
The bolt of acid hits the howler monkey!
The acid corrodes the howler monkey!
You kill the howler monkey!
Erolcha points at you and mumbles some strange words.
You resist with some effort.
Aiming: Corrosive Bolt
Press: ? - help, Shift-Dir - straight line, f - Erolcha
Aim: Erolcha, wielding a +0 giant club, wearing a +0 robe and carrying a wand of paralysis (heavily wounded, covered in acid, 83% to hit)
You feel a surge of power!
The bolt of acid misses Erolcha.
You hit Erolcha.
Erolcha is heavily wounded.
You hit Erolcha.
Erolcha is heavily wounded.
Erolcha hits you with a +0 giant club!!!
Ouch! That really hurt!
You die...
Your body crumbles into a pile of gold.

.. .# #. .# #. .#
.#.# ...# .
#.#######..###...
#......@O.$......
####.####..####.
#..# #..####..
#<.......
#.$<.....
#######.. .


You could see Erolcha (corroded).

Vanquished Creatures
  Pikel (D:5)
  Jeremiah (D:6)
  Grinder (D:3)
  Sigmund (D:3)
  A wyvern (D:7)
  7 yaks
  4 orc warriors
  2 ice beasts
  3 sky beasts
  2 centaurs (D:7)
  3 lemures (D:5)
  A phantom (D:5)
  A kobold brigand (D:8)
  3 bullfrogs
  Blork the orc (D:5)
  A gnoll sergeant (D:6)
  4 wights
  3 howler monkeys
  3 hounds
  2 orc priests
  A gnoll bouda (D:6)
  2 sleepcaps (D:5)
  An iguana (D:5)
  9 orc wizards
  16 gnolls
  An adder (D:5)
  3 shadow imps
  A white imp (D:5)
  4 ufetubi
  2 worms
  2 dart slugs
  27 orcs
  6 endoplasms
  5 giant cockroaches
  5 goblins
  7 hobgoblins
  3 jackals (D:1)
  8 kobolds
  4 quokkas
  5 ball pythons
  7 bats
  4 frilled lizards (D:1)
  2 rats (D:1)
  2 lurking horrors (D:7)
172 creatures vanquished.

Notes
Turn   | Place    | Note
-------+----------+-------------------------------------------
     0 | D:1      | Armakuni the Human Wanderer began the quest for the Orb.
     0 | D:1      | Armakuni set off with the following items: a +1 trident, a
                  | +0 sling, a potion of might, a +0 leather armour.
     0 | D:1      | Reached XP level 1. HP: 16/16 MP: 1/1
    94 | D:1      | Reached XP level 2. HP: 22/22 MP: 2/2
   494 | D:1      | Reached XP level 3. HP: 27/27 MP: 3/3
   878 | D:2      | Identified the +12 dagger of Fouf {heavy, Str+2 Stlth+}
  1024 | D:2      | Identified a scroll of acquirement
  1024 | D:2      | Acquired 924 gold pieces
  1059 | D:2      | Reached XP level 4. HP: 24/33 MP: 4/4
  1305 | D:2      | Identified the +1 spear of the Shrike {pain, rElec}
  1786 | D:2      | Found a faded altar of an unknown god.
  1974 | D:3      | Reached XP level 5. HP: 26/38 MP: 5/5
  1986 | D:3      | Reached skill level 5 in Ranged Weapons
  2343 | D:3      | Noticed Grinder
  2354 | D:3      | Killed Grinder
  2355 | D:3      | Reached XP level 6. HP: 10/44 MP: 6/6
  2636 | D:3      | Noticed Sigmund
  2643 | D:3      | Killed Sigmund
  2644 | D:3      | Reached XP level 7. HP: 37/50 MP: 7/7
  2891 | D:4      | Identified the +9 hand axe "Por Kan" {freeze, rPois Will+
                  | Dex-4 SInv}
  3093 | D:4      | Found Petiecko's Weapon Boutique.
  3329 | D:4      | Found a glowing golden altar of the Shining One.
  3538 | D:4      | Found a sparkling altar of Nemelex Xobeh.
  3538 | D:4      | Found an opulent altar of Gozag.
  3544 | D:4      | Became a worshipper of Gozag Ym Sagoz the Greedy
  3594 | D:5      | Entered Level 5 of the Dungeon
  3650 | D:5      | Reached XP level 8. HP: 56/56 MP: 8/8
  3667 | D:5      | Noticed Pikel
  3678 | D:5      | Acquired a manual of Long Blades
  4260 | D:5      | Found an ornate altar of the Wu Jian Council.
  4354 | D:5      | Gained mutation: You expend magic power (3 MP) to
                  | strengthen your wands. [potion of mutation]
  4354 | D:5      | Gained mutation: You are frail. (-10% HP) [potion of
                  | mutation]
  4433 | D:5      | Noticed Blork the orc
  4438 | D:5      | Killed Blork the orc
  4590 | D:5      | Killed Pikel
  4591 | D:5      | Reached skill level 6 in Long Blades
  4591 | D:5      | Reached XP level 9. HP: 41/54 MP: 9/9
  4624 | D:5      | Reached skill level 7 in Long Blades
  4823 | D:6      | Noticed Jeremiah
  4828 | D:6      | Killed Jeremiah
  4829 | D:6      | Reached skill level 9 in Long Blades
  4836 | D:6      | Bought a glowing helmet for 180 gold pieces
  4836 | D:6      | Bought a scorched leather armour for 168 gold pieces
  4836 | D:6      | Identified the +3 leather armour of Omission {Str+3 SInv}
                  | (You bought it in a shop on level 6 of the Dungeon)
  4865 | D:6      | Found a hazy altar of Hepliaklqana.
  5209 | D:6      | Reached skill level 10 in Long Blades
  5815 | D:6      | Reached skill level 11 in Long Blades
  5833 | D:6      | Learned a level 2 spell: Blink
  5836 | D:6      | Learned a level 2 spell: Lesser Beckoning
  6117 | D:7      | Found a staircase to the Ecumenical Temple.
  6123 | Temple   | Entered the Ecumenical Temple
  6259 | D:7      | Found a one-way gate to the infinite horrors of the Abyss.
  6260 | D:7      | Found a corrupted altar of Lugonu.
  6512 | D:7      | Reached skill level 12 in Long Blades
  6557 | D:7      | Found a shimmering altar of Xom.
  6580 | D:7      | Found the +2 ratskin cloak {*Rats rPois rN+ Str-1 Int-1
                  | Dex+1}
  6660 | D:7      | Reached XP level 10. HP: 60/60 MP: 10/10
  6745 | D:7      | Reached skill level 13 in Long Blades
  7570 | D:8      | Found a broken altar of Ashenzari.
  7665 | D:8      | Reached skill level 14 in Long Blades
  8582 | D:9      | Reached skill level 5 in Fighting
  8589 | D:9      | Noticed Erolcha
  8595 | D:9      | Slain by Erolcha

Illustrated notes

Levels and vault maps discovered:
D:1:      wander_arrival_peaceful_grave, layout_loops_cross, serial_glass,
          glass_columns_c, glass_columns_b, skrybe_limestone_x
D:2:      layout_loops_ring, shapermc_ecumenical_altar_venn
D:3:      layout_loops_ring, kennysheep_generic_room_9, uniq_sigmund,
          uniq_grinder
D:4:      layout_rooms, grunt_temple_overflow_opulence, amcnicky_altar_gilded,
          serial_shops, nicolae_shop_statue_plus, feat_on_display
D:5:      layout_loops_ring, nicolae_wu_jian_glorious_leap, serial_glass,
          glass_columns_a, glass_columns_a, item_on_display_a,
          item_on_display_a, minmay_strange_pillars, uniq_blork_the_orc,
          uniq_pikel
D:6:      layout_loops_cross, worldfamousw_hep_ancestral_shrine,
          serial_aquarium, aquarium_bridge_long_separate
          [aquarium_subvault_balcony, aquarium_subvault_wall,
          aquarium_subvault_bridge, aquarium_subvault_wall,
          aquarium_subvault_window, aquarium_subvault_bridge],
          aquarium_bridge_square [aquarium_subvault_bridge,
          aquarium_subvault_balcony, aquarium_subvault_wall,
          aquarium_subvault_bridge], aquarium_window_fake, aquarium_window_2,
          aquarium_window_2, aquarium_view_2d, aquarium_view_2c,
          nicolae_letterblocks [nicolae_letter_subblock,
          nicolae_letter_subblock, nicolae_letter_subblock,
          nicolae_letter_subblock, nicolae_letter_subblock,
          nicolae_letter_subblock, nicolae_letter_subblock,
          nicolae_letter_subblock, nicolae_letter_subblock,
          nicolae_letter_subblock, nicolae_letter_subblock,
          nicolae_letter_subblock, nicolae_letter_subblock,
          nicolae_letter_subblock, nicolae_letter_subblock,
          nicolae_letter_subblock, nicolae_letter_subblock,
          nicolae_letter_subblock, nicolae_letter_subblock,
          nicolae_letter_subblock, nicolae_letter_subblock,
          nicolae_letter_subblock, nicolae_letter_subblock,
          nicolae_letter_subblock, nicolae_letter_subblock], uniq_jeremiah
D:7:      nicolae_BIG_FREAKIN_CUBE, layout_basic, led_xom_imps,
          minmay_temple_entry_hall, roderic_lattice_a,
          amcnicky_altar_lugonu_corruption
D:8:      layout_cave_pools, old_standard_altar
D:9:      layout_loops_ring, nicolae_elyvilon_temple_path,
          corexii_leaking_fountain, dilly_guarded_unrand_devastator,
          uniq_erolcha, uniq_maggie
Temple:   nicolae_temple_two_arcs

Skill      XL: |  1  2  3  4  5  6  7  8  9 10 |
---------------+-------------------------------+-----
Ranged Weapons | 3 4 6 7 8 9 |  9.5
Long Blades    | 6 12 14 | 14.5
Fighting       | 5 |  5.6
Polearms       | |  4.0
Armour         | |  1.0
Stealth        | |  1.0

Action                     |  1- 3 |  4- 6 |  7- 9 | 10-12 || total
---------------------------+-------+-------+-------+-------++-------
  Melee: Trident           |     5 |       |       |       ||     5
         Dagger            |    15 |    39 |   200 |   114 ||   368
         Punch             |       |       |     2 |     3 ||     5
         Hand axe          |       |       |    14 |       ||    14
   Fire: Sling             |    97 |    24 |    35 |       ||   156
         Orcbow            |       |       |     3 |       ||     3
 Invoke: Call Merchant     |       |       |     1 |       ||     1
  Evoke: Wand              |       |       |       |     4 ||     4
    Use: Scroll            |     1 |     8 |     6 |     1 ||    16
         Potion            |       |     3 |     5 |       ||     8
   Stab: Sleeping          |     1 |     2 |     8 |     3 ||    14
         Distracted        |       |       |     2 |       ||     2
 Armour: Leather armour    |    55 |    45 |   184 |    68 ||   352
         Skin              |       |     4 |       |       ||     4
  Dodge: Dodged            |    32 |    18 |   110 |    48 ||   208

Table legend: (Time is in decaauts)
 A = Elapsed time spent in this place.
 B = Non-inter-level travel time spent in this place.
 C = Inter-level travel time spent in this place.
 D = Time resting spent in this place.
 E = Time spent auto-exploring this place.
 F = Levels seen in this place.
 G = Mean time per level.
                   A        B        C        D        E       F      G
               +--------+--------+--------+--------+--------+-----+--------+
         Total |   8661 |   8406 |    255 |   1883 |   4565 |  10 |  866.1 |
       Dungeon |   8659 |   8404 |    255 |   1883 |   4565 |   9 |  962.1 |
        Temple |      1 |      1 |      0 |      0 |      0 |   1 |    1.0 |
               +--------+--------+--------+--------+--------+-----+--------+

Top non-repeatable levels by time:
     D:7: 1634 daAuts
     D:6: 1243 daAuts
     D:5: 1221 daAuts
     D:3: 1112 daAuts
     D:1: 1054 daAuts
     D:2: 858 daAuts
     D:8: 857 daAuts
     D:4: 653 daAuts
     D:9: 24 daAuts
  Temple: 1 daAuts
